Map: Entombed Valley

Players

pta - Winner!

  • Race: Zerg Zerg
  • Spawn Location: 7:00

A.I. 1 (Harder)

  • Race: Protoss Protoss
  • Spawn Location: 11:00

VOD

Have the link to the VOD?

Description

Time

  • Played on: April 29, 2019, 4:32 p.m.
  • Length: 49:07
Show
View Real Time Build Order
Export as new Build Order

pta Zerg - Winner!

Build Orders: Pool First, Lurkers 

Get SALT Encoding   

  12  0:01  Drone  
  13  0:24  Spawning Pool  
  12  0:30  Extractor  
  12  0:31  Extractor  
  12  0:32  Drone  
  12  0:35  Drone  
  12  0:40  Drone  
  13  0:46  Drone  
  16  1:22  Roach Warren, Hatchery  
  14  1:25  Extractor  
  14  1:26  Drone  
  14  1:30  Overlord  
  14  1:50  Drone x2  
  14  1:54  Drone  
  17  2:04  Queen  
  19  2:09  Overlord  
  19  2:40  Drone  
  19  2:43  Roach x3  
  26  2:58  Extractor  
  26  3:00  Lair  
  26  3:02  Drone  
  26  3:09  Roach  
  28  3:13  Drone  
  28  3:17  Drone  
  30  3:25  Drone x2  
  30  3:26  Drone  
  33  3:31  Roach  
  33  3:33  Overlord  
  35  3:34  Overlord  
  35  3:54  Roach x2  
  35  3:55  Roach x2  
  43  3:57  Drone  
  44  4:07  Drone  
  45  4:14  Queen  
  45  4:16  Overlord  
  47  4:17  Drone  
  47  4:22  Spine Crawler  
  47  4:30  Spine Crawler  
  46  4:31  Drone  
  46  4:33  Drone  
  46  4:36  Drone  
  49  4:40  Drone  
  50  4:51  Spine Crawler  
  49  4:55  Spine Crawler  
  48  5:00  Spine Crawler  
  47  5:08  Drone  
  47  5:09  Drone x2  
  47  5:12  Drone x3  
  53  5:15  Drone  
  54  5:27  Overlord  
  54  5:28  Overlord  
  54  5:34  Drone  
  54  5:35  Drone x2  
  57  5:38  Drone  
  57  5:39  Drone  
  57  5:41  Drone  
  60  5:51  Evolution Chamber  
  60  5:54  Evolution Chamber  
  58  6:34  Hydralisk Den, Drone x5  
  62  6:57  Zerg Ground Armor Level 1, Zerg Missile Weapons Level 1  
  62  6:59  Glial Reconstitution  
  62  7:10  Lurker Den  
  61  7:20  Infestation Pit  
  60  7:24  Hydralisk x2  
  60  7:25  Hydralisk x3  
  60  7:26  Hydralisk x3  
  76  7:31  Grooved Spines  
  76  7:40  Extractor  
  76  7:42  Extractor  
  76  7:43  Drone  
  76  7:44  Drone  
  76  7:45  Overlord x2  
  76  7:46  Overlord x3  
  76  8:08  Overseer x2  
  76  8:12  Overseer  
  76  8:19  Drone x3  
  79  8:40  Drone  
  80  8:43  Muscular Augments, Drone  
  81  8:54  Drone  
  82  9:05  Spire  
  82  9:06  Spire  
  81  9:17  Lurker  
  81  9:22  Lurker  
  82  9:30  Lurker  
  83  9:45  Lurker  
  84  10:08  Roach x4  
  84  10:12  Hydralisk x4  
  98  10:43  Mutalisk x3  
  98  10:44  Mutalisk  
  106  11:09  Overlord x4  
  106  11:10  Overlord  
  106  11:13  Zergling x10  
  106  11:14  Zergling x10  
  116  11:22  Hatchery  
  116  11:24  Extractor  
  114  11:25  Extractor  
  113  11:34  Overseer  
  113  11:37  Drone x3  
  116  12:46  Spore Crawler  
  116  12:49  Spore Crawler  
  114  12:52  Spore Crawler  
  113  13:18  Overseer x2  
  113  13:19  Overseer x2  
  113  13:24  Hive  
  113  13:37  Spore Crawler x2  
  113  13:40  Spore Crawler  
  110  13:45  Spore Crawler  
  110  13:46  Spore Crawler  
  110  13:48  Spore Crawler  
  107  13:49  Spore Crawler  
  107  13:50  Spore Crawler  
  105  14:08  Zerg Ground Armor Level 2  
  105  14:09  Zerg Missile Weapons Level 2  
  105  14:16  Drone x3  
  108  14:27  Queen  
  108  14:29  Overlord x3  
  110  14:33  Hydralisk  
  112  14:47  Hydralisk  
  112  14:51  Hydralisk  
  112  14:52  Hydralisk  
  118  15:03  Greater Spire  
  118  15:32  Lurker x2  
  120  15:39  Corruptor x2  
  120  15:40  Corruptor x4  
  120  15:41  Corruptor x2  
  136  16:15  Metabolic Boost  
  136  16:21  Brood Lord x2  
  136  16:22  Brood Lord x2  
  136  16:23  Brood Lord x2  
  136  16:24  Brood Lord  
  150  16:33  Brood Lord  
  152  16:47  Zerg Flyer Weapons Level 1  
  152  16:55  Drone x3  
  123  17:28  Hydralisk x4  
  131  17:32  Mutalisk  
  131  17:34  Adrenal Glands  
  131  17:35  Mutalisk  
  135  17:48  Zergling x2  
  135  17:49  Zergling x10  
  135  17:50  Zergling x10  
  135  17:51  Zergling x10  
  151  18:04  Drone  
  150  19:12  Zerg Flyer Armor Level 1  
  101  20:47  Zergling x6  
  101  20:48  Zergling x20  
  101  20:49  Zergling x12  
  108  20:59  Corruptor  
  108  21:00  Corruptor  
  106  21:10  Hydralisk x3  
  104  21:22  Corruptor  
  104  21:23  Corruptor x3  
  112  21:34  Hydralisk x3  
  112  21:37  Zerg Ground Armor Level 3  
  112  21:38  Zerg Missile Weapons Level 3  
  118  21:41  Zerg Flyer Weapons Level 2, Zerg Flyer Armor Level 2  
  118  22:00  Brood Lord x3  
  124  22:01  Brood Lord  
  126  22:49  Hatchery  
  126  22:50  Extractor  
  124  22:53  Extractor  
  123  22:59  Hydralisk  
  125  23:15  Brood Lord  
  127  23:36  Hydralisk x2  
  127  23:37  Hydralisk  
  67  24:45  Hydralisk x3  
  67  24:46  Hydralisk x5  
  75  24:55  Drone x2  
  75  24:58  Drone  
  69  25:39  Hydralisk x2  
  69  25:40  Hydralisk x4  
  69  25:41  Hydralisk x2  
  85  25:47  Drone x2  
  85  25:48  Drone  
  88  26:33  Hydralisk x2  
  88  26:34  Hydralisk x9  
  110  26:44  Overlord  
  110  26:45  Overlord  
  110  26:46  Overlord  
  110  26:52  Overseer x2  
  110  27:11  Corruptor x2  
  110  27:12  Corruptor x2  
  118  27:16  Corruptor  
  120  27:31  Corruptor  
  120  27:32  Corruptor  
  120  27:33  Corruptor  
  126  27:45  Brood Lord  
  128  27:56  Brood Lord  
  99  28:21  Hydralisk  
  99  28:22  Hydralisk x3  
  99  28:26  Lurker  
  108  28:33  Lurker  
  109  29:12  Hydralisk  
  109  29:13  Hydralisk x3  
  109  29:14  Hydralisk x4  
  125  29:19  Extractor x2, Hatchery  
  124  29:24  Brood Lord  
  124  29:30  Drone  
  125  29:33  Drone x5  
  125  29:34  Drone  
  131  29:53  Brood Lord  
  131  29:57  Brood Lord  
  135  30:16  Brood Lord  
  137  30:35  Drone  
  123  31:04  Corruptor x4  
  123  31:09  Zerg Flyer Armor Level 3  
  131  31:14  Zerg Flyer Weapons Level 3  
  131  31:19  Drone x3  
  134  31:32  Hatchery  
  133  31:35  Extractor  
  133  31:36  Drone x3  
  133  31:38  Drone x3  
  138  31:45  Brood Lord  
  138  31:46  Brood Lord  
  142  31:47  Brood Lord  
  142  31:51  Brood Lord  
  146  31:57  Extractor  
  145  32:02  Hydralisk  
  145  32:03  Hydralisk  
  145  32:04  Hydralisk  
  145  32:05  Hydralisk  
  153  33:01  Zergling x6  
  153  33:02  Zergling x20  
  150  34:09  Hydralisk x7  
  155  34:12  Overlord x10  
  151  34:43  Zergling x10  
  151  34:44  Zergling x14  
  151  34:45  Hydralisk x7  
  163  34:46  Hydralisk x4  
  163  36:43  Zerg Melee Weapons Level 1  
  163  36:51  Zergling x10  
  163  36:52  Zergling x18  
  163  36:53  Zergling x18  
  163  36:54  Zergling x16  
  186  37:41  Zergling x12  
  186  37:42  Zergling x12  
  196  38:43  Zerg Melee Weapons Level 2  
  174  41:07  Corruptor  
  174  41:08  Corruptor x5  
  174  41:09  Corruptor x3  
  174  41:10  Corruptor  
  193  41:46  Brood Lord x2  
  193  41:47  Brood Lord  
  166  43:09  Brood Lord x3  
  166  43:10  Brood Lord x3  
  166  43:11  Brood Lord  
  180  43:54  Zerg Melee Weapons Level 3  
  138  46:45  Hydralisk x5  
  138  46:46  Hydralisk  
  150  46:47  Zergling x12  
Show
View Real Time Build Order
Export as new Build Order

A.I. 1 (Harder) Protoss 

Build Orders:  

Get SALT Encoding   

  12  0:00  Probe  
  13  0:13  Probe  
  14  0:21  Pylon  
  14  0:25  Probe  
  15  0:35  Probe  
  16  0:43  Probe  
  16  0:46  Assimilator  
  17  0:50  Gateway  
  17  0:53  Probe  
  18  1:00  Pylon  
  18  1:01  Probe  
  19  1:18  Probe  
  20  1:38  Zealot  
  20  1:39  Gateway  
  22  1:42  Cybernetics Core  
  22  1:45  Assimilator  
  22  2:03  Pylon  
  22  2:08  Adept  
  24  2:24  Warp Gate  
  24  2:28  Zealot  
  26  2:38  Zealot  
  26  2:43  Pylon  
  28  2:55  Stalker  
  28  2:56  Stalker  
  32  3:25  Stalker  
  34  3:29  Adept  
  34  3:33  Pylon  
  36  3:35  Probe  
  37  3:48  Probe  
  38  3:51  Stalker  
  40  3:57  Forge  
  40  3:59  Stalker  
  40  4:00  Probe  
  43  4:12  Probe  
  44  4:18  Pylon  
  45  4:24  Probe  
  45  4:28  Stalker  
  47  4:36  Probe  
  48  4:38  Stalker  
  50  5:45  Protoss Ground Weapons Level 1  
  50  5:49  Sentry  
  52  5:51  Gateway  
  52  5:54  Robotics Facility  
  52  5:56  Stalker  
  52  5:57  Twilight Council  
  54  5:58  Photon Cannon  
  54  6:02  Pylon  
  54  6:06  Photon Cannon  
  54  6:10  Nexus  
  54  6:11  Stalker  
  56  6:19  Sentry  
  56  6:33  Blink  
  56  6:34  Stalker  
  58  6:43  Observer  
  58  6:47  Forge  
  59  6:57  Stargate  
  59  7:04  Observer  
  60  7:19  Probe  
  61  7:23  Probe  
  61  7:27  Probe  
  62  7:33  Protoss Ground Armor Level 1  
  62  7:35  Probe  
  62  7:37  Probe  
  65  7:45  Assimilator  
  65  7:46  Pylon  
  65  7:47  Probe  
  65  7:48  Pylon  
  65  7:49  Probe  
  67  7:59  Probe  
  67  8:01  Probe, Assimilator  
  69  8:08  Photon Cannon  
  69  8:10  Photon Cannon  
  69  8:11  Probe  
  70  8:13  Probe  
  71  8:20  Probe  
  71  8:25  Probe  
  73  8:28  Probe  
  74  8:37  Probe x2  
  76  8:49  Probe  
  76  8:50  Probe  
  78  9:01  Probe  
  78  9:02  Probe  
  80  9:51  Immortal  
  80  9:59  Protoss Ground Weapons Level 2  
  80  10:04  Gateway  
  80  10:05  Zealot  
  86  10:08  Robotics Bay  
  86  10:11  Robotics Facility  
  86  10:12  Nexus  
  86  10:17  Stargate  
  86  10:19  Protoss Ground Armor Level 2  
  86  10:20  Pylon  
  68  10:29  Stalker  
  68  10:30  Observer  
  68  10:33  Zealot  
  58  10:37  Stalker  
  60  10:45  Sentry  
  62  10:51  Warp Prism  
  62  10:53  Zealot  
  62  10:56  Gravitic Boosters  
  66  10:58  Observer, Stalker  
  66  10:59  Gateway  
  66  11:03  Zealot  
  71  11:04  Stargate  
  71  11:07  Stalker  
  73  11:14  Warp Prism, Stalker  
  75  11:21  Stalker  
  75  11:24  Probe  
  80  11:26  Probe, Sentry  
  80  11:27  Warp Prism, Probe  
  80  11:30  Stalker  
  88  11:36  Probe  
  88  11:38  Probe  
  88  11:39  Protoss Air Weapons Level 1  
  90  11:40  Probe  
  90  11:45  Immortal  
  91  11:48  Probe  
  91  11:50  Probe, Pylon  
  91  11:52  Probe  
  91  11:53  Gravitic Drive  
  98  11:57  Pylon  
  98  12:00  Probe  
  99  12:02  Probe, Templar Archives  
  99  12:04  Probe  
  101  12:13  Probe  
  101  12:15  Dark Shrine, Probe  
  103  12:17  Photon Cannon  
  103  12:18  Protoss Shields Level 1  
  103  12:21  Photon Cannon  
  103  12:30  Assimilator  
  103  12:37  Fleet Beacon  
  103  12:40  Assimilator  
  103  12:55  Observer  
  103  13:05  High Templar  
  103  13:10  High Templar  
  107  13:14  Colossus  
  107  13:19  High Templar, Archon  
  115  13:24  High Templar  
  117  13:37  High Templar, Archon  
  118  13:41  Observer, High Templar  
  121  13:50  Dark Templar, Archon  
  123  14:07  High Templar  
  125  14:12  High Templar, Pylon  
  125  14:14  Nexus, Protoss Shields Level 2  
  127  14:21  Archon  
  127  14:27  High Templar  
  129  14:36  Observer  
  129  14:38  Carrier  
  129  14:48  Pylon  
  135  14:56  Protoss Air Armor Level 1  
  135  15:08  Psionic Storm  
  135  15:35  Protoss Ground Weapons Level 3  
  135  15:36  Pylon  
  135  15:38  Pylon  
  135  15:39  Assimilator  
  135  15:42  Assimilator  
  135  16:02  Photon Cannon  
  135  16:03  Photon Cannon  
  135  16:32  Protoss Ground Armor Level 3  
  135  16:34  High Templar  
  137  16:42  High Templar, Tempest  
  144  17:00  Oracle  
  140  17:02  Protoss Air Weapons Level 2  
  140  17:05  Archon  
  140  17:07  High Templar  
  119  17:12  Zealot  
  90  17:17  Zealot  
  90  17:22  Stalker  
  94  17:27  Stalker  
  94  17:29  Observer  
  97  17:32  Sentry  
  99  17:37  High Templar  
  99  17:43  Immortal  
  105  17:47  Stalker  
  107  17:52  Stalker  
  107  17:57  Sentry  
  111  18:02  High Templar  
  113  18:07  High Templar  
  113  18:08  Immortal  
  115  18:14  Protoss Shields Level 3  
  115  18:18  High Templar, Archon  
  121  18:23  Archon  
  121  18:24  High Templar  
  123  18:33  High Templar  
  125  18:40  Archon  
  125  18:43  High Templar  
  127  18:52  High Templar  
  129  19:00  Archon  
  129  19:01  High Templar  
  131  19:11  Nexus, High Templar  
  133  19:20  High Templar  
  133  19:24  Protoss Air Weapons Level 3  
  135  20:23  Adept  
  135  20:28  Adept, Probe  
  130  20:29  Probe x3  
  130  20:32  Probe, Adept  
  130  20:34  Assimilator  
  110  20:37  Void Ray, Pylon  
  110  20:40  Probe  
  110  20:41  Probe x3, Assimilator, Zealot  
  110  20:43  Pylon  
  110  20:44  Probe  
  110  20:45  Phoenix  
  110  20:49  Disruptor  
  105  20:50  Zealot  
  105  20:51  Probe  
  105  20:52  Probe  
  105  20:54  Zealot  
  105  20:55  Probe x2, Photon Cannon  
  105  20:56  Probe  
  107  21:00  Observer  
  107  21:01  Photon Cannon  
  107  21:02  Probe  
  107  21:03  Adept  
  107  21:04  Probe, Pylon  
  111  21:06  Photon Cannon  
  111  21:07  Probe x2, Adept  
  111  21:08  Photon Cannon  
  117  21:12  Adept  
  117  21:16  Resonating Glaives, Stalker  
  121  21:20  Adept  
  121  21:24  Stalker  
  125  21:29  Stalker  
  125  21:30  Void Ray  
  127  21:33  Stalker  
  127  21:37  Sentry  
  131  21:42  Protoss Air Armor Level 2  
  131  21:45  Carrier  
  131  21:46  Phoenix  
  137  21:50  Disruptor  
  146  22:20  Observer  
  146  23:34  Void Ray  
  146  23:50  Protoss Air Armor Level 3  
  146  23:59  Oracle  
  146  24:08  Dark Templar  
  151  24:11  High Templar  
  151  24:15  Dark Templar  
  155  24:19  Dark Templar  
  155  24:22  Zealot  
  157  24:28  Nexus  
  133  24:40  Dark Templar  
  133  24:44  Zealot  
  128  24:47  Stalker  
  128  24:51  Sentry  
  132  24:55  Dark Templar  
  134  25:04  Zealot  
  136  25:08  Immortal, Stalker  
  136  25:12  Stalker  
  126  25:15  Stalker  
  126  25:23  Immortal  
  126  25:26  Stalker  
  120  25:30  High Templar  
  120  25:33  Stalker  
  124  25:37  Dark Templar  
  124  25:40  Zealot  
  122  25:47  Sentry  
  124  25:54  Pylon  
  124  25:57  Pylon  
  124  25:59  Assimilator  
  124  26:01  Assimilator  
  124  26:17  Photon Cannon  
  124  26:18  Photon Cannon  
  124  26:30  Observer  
  124  27:20  Void Ray  
  124  27:28  Adept  
  126  27:32  Zealot  
  126  27:35  Zealot  
  134  27:37  Stalker  
  134  27:39  Stalker  
  134  27:41  Void Ray  
  134  27:44  Stalker  
  144  27:53  Stalker  
  144  27:55  Adept  
  148  28:02  Stalker  
  148  28:04  Zealot  
  138  28:06  Sentry  
  111  28:15  Stalker  
  111  28:17  Zealot  
  109  28:20  Stalker  
  109  28:22  Observer, Zealot  
  113  28:29  Sentry  
  115  28:36  Zealot  
  115  28:38  Stalker  
  119  29:35  Nexus  
  119  30:03  Immortal  
  119  30:05  Immortal  
  127  30:38  Stalker  
  127  30:41  Stalker  
  123  30:43  Stalker  
  123  30:45  Stalker  
  123  30:47  Observer, Stalker  
  91  30:55  Adept  
  89  30:57  Assimilator  
  89  31:02  Stalker  
  91  31:06  Zealot  
  91  31:08  Zealot  
  91  31:10  Pylon, Stalker  
  97  31:12  Pylon, Zealot  
  97  31:14  Assimilator  
  97  31:17  Zealot  
  101  31:23  Stalker  
  103  31:28  Zealot  
  103  31:30  Sentry  
  103  31:31  Photon Cannon  
  107  31:33  Sentry  
  107  31:34  Photon Cannon  
  107  31:37  Stalker  
  107  31:39  Zealot  
  113  31:42  Adept  
  115  31:53  Stalker  
  117  32:48  Observer  
  117  32:53  Void Ray  
  117  33:03  Void Ray  
  117  33:04  Phoenix  
  127  33:21  Phoenix  
  127  33:33  Immortal  
  129  33:36  Void Ray x2  
  129  33:42  Phoenix  
  129  33:43  Immortal  
  129  33:46  Zealot  
  141  33:52  Stalker  
  141  33:54  Stalker  
  132  33:57  Zealot  
  132  33:59  Zealot  
  120  34:03  Photon Cannon  
  120  34:06  Sentry  
  120  34:07  Phoenix  
  102  34:11  Void Ray, Stalker  
  102  34:13  Observer  
  102  34:14  Pylon  
  102  34:15  Zealot  
  102  34:16  Probe  
  107  34:19  Void Ray, Stalker  
  107  34:22  Immortal, Fleet Beacon, Stalker  
  95  34:32  Adept  
  95  34:34  Nexus, Immortal, Zealot  
  95  34:36  Probe, Stalker  
  95  34:38  Templar Archives  
  99  34:40  Dark Shrine  
  99  34:42  Stalker  
  99  34:45  Zealot  
  87  34:47  Stalker  
  87  34:50  Stargate  
  87  34:52  Gateway, Immortal  
  89  34:54  Stalker  
  89  34:55  Pylon  
  89  34:59  Stalker  
  96  35:02  Adept, Void Ray  
  96  35:04  Stalker  
  104  35:13  Immortal  
  103  35:16  Zealot  
  103  35:18  Adept  
  103  35:20  Sentry  
  105  35:22  Sentry  
  105  35:25  Pylon  
  99  35:33  Void Ray  
  107  35:36  Stalker  
  107  35:38  Stalker  
  107  35:41  Stalker  
  109  35:43  Stalker  
  109  35:46  Zealot  
  109  35:47  Probe x2  
  90  35:59  Stalker  
  90  36:00  Probe  
  90  36:01  Stalker  
  93  36:04  Stalker  
  93  36:09  Zealot  
  93  36:15  Void Ray  
  93  36:17  Probe  
  93  36:18  Probe x2  
  74  36:20  Zealot  
  74  36:21  Cybernetics Core  
  73  36:29  Zealot  
  73  36:46  Nexus  
  73  36:50  Zealot  
  73  36:52  Void Ray  
  79  37:06  Robotics Facility  
  79  37:07  Gateway  
  78  37:09  Forge  
  78  37:10  Stalker  
  78  37:11  Gateway  
  78  37:14  Forge  
  76  37:25  Stalker  
  63  37:31  Void Ray  
  66  37:40  Zealot  
  68  37:46  Immortal, Pylon  
  68  37:55  Fleet Beacon  
  65  37:58  Stargate  
  65  38:01  Zealot  
  65  38:04  Void Ray  
  67  38:06  Stalker  
  69  38:13  Stalker  
  69  38:17  Immortal  
  73  38:22  Robotics Bay  
  73  38:25  Stalker  
  73  38:26  Gateway  
  79  38:29  Adept  
  81  38:36  Zealot  
  83  38:41  Void Ray  
  83  38:46  Robotics Facility  
  83  38:48  Stalker  
  89  38:52  Sentry  
  91  38:57  Adept  
  91  38:58  Nexus  
  91  38:59  Void Ray  
  87  39:16  Zealot  
  78  39:20  Cybernetics Core  
  78  39:21  Gateway  
  78  39:34  Pylon  
  78  39:39  Colossus  
  78  39:44  Nexus  
  70  39:46  Pylon  
  70  39:49  Zealot  
  74  39:56  Stalker  
  74  39:59  Pylon  
  76  40:05  Assimilator  
  75  40:14  Photon Cannon  
  75  40:17  Stalker  
  76  40:28  Void Ray  
  76  40:30  Pylon  
  76  40:40  Assimilator  
  74  40:47  Photon Cannon  
  74  40:49  Photon Cannon  
  69  40:59  Void Ray  
  69  41:00  Zealot, Photon Cannon  
  69  41:01  Pylon  
  41  41:08  Assimilator  
  39  41:16  Probe  
  30  41:19  Probe, Photon Cannon  
  30  41:20  Zealot  
  30  41:22  Assimilator  
  30  41:23  Cybernetics Core  
  30  41:24  Probe  
  29  41:26  Gateway  
  29  41:31  Gateway, Probe  
  31  41:34  Void Ray  
  31  41:41  Zealot  
  37  42:00  Nexus  
  37  42:01  Stalker  
  39  42:08  Pylon  
  39  42:11  Assimilator  
  39  42:16  Nexus, Assimilator  
  39  42:19  Twilight Council  
  39  42:20  Adept  
  39  42:21  Probe  
  41  42:24  Adept  
  41  42:26  Probe  
  41  42:29  Stalker  
  47  42:30  Probe  
  48  42:38  Probe  
  48  42:40  Zealot  
  48  42:41  Pylon  
  51  42:45  Probe, Stalker  
  51  42:50  Probe  
  55  42:52  Sentry  
  55  42:55  Photon Cannon  
  57  42:59  Probe  
  57  43:00  Stalker  
  57  43:03  Probe  
  61  43:07  Zealot  
  61  43:09  Pylon  
  61  43:11  Probe, Zealot  
  61  43:12  Probe  
  67  43:15  Probe  
  68  43:20  Stalker  
  68  43:26  Sentry  
  75  43:27  Oracle, Probe x2  
  75  43:28  Probe  
  75  43:30  Zealot  
  81  43:35  Stalker  
  81  43:36  Pylon  
  81  43:39  Robotics Facility, Probe  
  83  43:43  Stalker  
  85  43:50  Stalker  
  85  43:51  Fleet Beacon  
  85  43:52  Probe  
  85  43:53  Probe  
  85  43:54  Probe  
  82  44:04  Probe, Photon Cannon  
  82  44:06  Probe  
  87  44:22  Observer  
  87  44:24  Nexus  
  77  44:38  Gateway  
  65  45:25  Nexus  
  65  45:27  Probe  
  46  45:32  Zealot  
  46  45:35  Probe  
  28  45:39  Zealot  
  21  45:51  Nexus  
  21  45:53  Pylon  
  20  46:06  Assimilator  
  18  46:11  Probe  
  14  46:21  Assimilator  
  14  46:23  Probe  
  8  46:26  Assimilator  
  8  46:28  Assimilator  
  8  46:31  Pylon  
  8  46:33  Probe x2  
  10  46:45  Probe  
  10  46:46  Pylon  
  10  46:47  Probe  
  11  46:56  Probe  
  6  47:03  Probe  
  7  47:29  Nexus  
  6  47:30  Probe  
  2  48:43  Probe  
Tags
 
Composition
Lurkers
Matchup
PvZ
Opening
Pool First
Spawn Locations
Close Positions
Add a new tag
Caveats
  • Supply blocks, unpowered buildings, or Contaminate may cause inaccurate times.
  • Supply counts are checked every 10 seconds.